 Dungeon Crawl Stone Soup version 0.31-a0-819-gf6de2f5ab6 (webtiles) character file.

Game seed: 8312904989688622504

268 Kurtz the Chopper (level 6, -2/42 HPs)
             Began as an Octopode Fighter on Sept 25, 2023.
             Slain by an elf zombie (6 damage)
             ... in an ossuary.
             The game lasted 00:02:17 (2726 turns).

Kurtz the Chopper (Octopode Fighter)                Turns: 2726, Time: 00:02:18

Health: -2/42      AC:  1    Str: 13 (15) XL:     6   Next: 21%
Magic:  6/6        EV: 13    Int: 10      God:
Gold:   114        SH:  4    Dex: 11 (14) Spells: 5/5 levels left

rFire   . . .        a - +0 war axe
rCold   . . .        b - +0 buckler
rNeg    . . .        (helmet restricted)
rPois   .            (no amulet)
rElec   +            (no ring)
rCorr   .            (no ring)
SInv    .            (no ring)
Will    .....        (no ring)
Stlth   ++           (no ring)
HPRegen 0.27/turn    (no ring)
MPRegen 0.10/turn    (no ring)
                     (no ring)

%: no passive effects
@: mighty, marked, attractive
A: almost no armour, amphibious, 8 rings, camouflage 1, gelatinous body 1,
(nimble swimmer 1), tentacles, electricity resistance
a: no special abilities


You were in an ossuary.
You visited 1 branch of the dungeon, and saw 4 of its levels.
You also visited: Ossuary.

You collected 114 gold pieces.

Inventory:

Hand Weapons
 a - a +0 war axe (weapon)
Missiles
 o - 2 boomerangs
Armour
 b - a +0 buckler (worn)
Jewellery
 e - an amulet of the acrobat
 h - a +6 ring of strength
Scrolls
 d - 2 scrolls of immolation {unknown}
 f - 4 scrolls of identify {unknown}
 g - a scroll of teleportation {unknown}
 l - a scroll of enchant armour {unknown}
 m - a scroll of amnesia {unknown}
 n - a scroll of blinking {unknown}
Potions
 k - a potion of attraction


   Skills:
 - Level 3.0 Fighting
 * Level 6.3 Axes
 - Level 3.0 Dodging
 - Level 3.0 Shields


You had 5 spell levels left.
You didn't know any spells.
Your spell library was empty.

Dungeon Overview and Level Annotations

Branches:
Dungeon (4/15)            Ossuary (1/1)
 Temple: D:4-7

Altars:
Ashenzari

Shops:
D:1 [

Annotations:
D:3 1 runed translucent door, Crazy Yiuf


Innate Abilities, Weirdness & Mutations

You cannot wear most types of armour.
You are amphibious.
You can wear up to eight rings at the same time.
Your skin changes colour to match your surroundings (Stealth+).
Your rubbery body absorbs attacks. (AC +1, EV +1)
((You are camouflaged when in or above water. (Stealth+)))
You have tentacles for arms and can constrict up to eight enemies at once.
You are resistant to electric shocks. (rElec)


Message History

You closely miss the elf zombie. You constrict the human zombie.
The elf zombie barely misses you. You block the human zombie's attack.
Unknown command.
You closely miss the elf zombie. You grab the elf zombie.
You squeeze the elf zombie!
The elf zombie is lightly damaged.
You slash the human zombie! You constrict the human zombie.
You constrict the elf zombie. The elf zombie hits you!
* * * LOW HITPOINT WARNING * * *
The human zombie hits you.
* * * LOW HITPOINT WARNING * * *
You hit the elf zombie.
The elf zombie is moderately damaged.
You slash the human zombie!
You destroy the human zombie!
You constrict the elf zombie. The elf zombie closely misses you.
The hobgoblin zombie is attracted toward you.
The orc zombie is attracted toward you.
The kobold zombie is attracted toward you.
You feel your intelligence returning.
Unknown command.
You slash the kobold zombie!
You destroy the kobold zombie!
You slash the elf zombie! You constrict the elf zombie.
You block the elf zombie's attack. The orc zombie is attracted toward you.
The kobold zombie is attracted toward you.
The hobgoblin zombie is attracted toward you.
Unknown command.
You slash the mummy! You grab the mummy. You squeeze the mummy!
You destroy the mummy!
You slash the elf zombie! You constrict the elf zombie.
The elf zombie closely misses you.
Unknown command.
Unknown command.
You barely miss the orc zombie. You grab the orc zombie.
You squeeze the orc zombie!
You destroy the orc zombie!
You slash the elf zombie! You constrict the elf zombie.
The elf zombie hits you.
You die...

#...#.....∩Z# #...#
#...#.......# #...#
#...#.......# #...#
#...#....Z..####.#...#
#...#.Z..ZZZZ..Z.#...#
#...#.####MZ####.#...#
#...# #ZZ# #...# #...#
#Z.# #...#
#...######@^######...#
#....................#
#........8..8........#
#....................#
#....................#
######################


You could see a mummy, a rat zombie, a jackal zombie, 4 hobgoblin zombies, a
kobold zombie, an elf zombie and a human zombie.

Vanquished Creatures
  An elf zombie (Ossuary)
  An orc priest (D:3)
  A human zombie (Ossuary)
  A mummy (Ossuary)
  4 adders
  A worm (D:2)
  2 dart slugs
  5 orcs (D:3)
  5 ball pythons
  4 endoplasms
  5 giant cockroaches
  8 goblins
  7 hobgoblins
  2 jackals (D:1)
  3 quokkas (D:1)
  3 bats
  9 frilled lizards
  7 hobgoblin zombies (Ossuary)
  6 kobolds
  11 kobold zombies (Ossuary)
  5 orc zombies (Ossuary)
  9 rats
100 creatures vanquished.

Notes
Turn   | Place    | Note
-------+----------+-------------------------------------------
     0 | D:1      | Kurtz the Octopode Fighter began the quest for the Orb.
     0 | D:1      | Reached XP level 1. HP: 16/16 MP: 1/1
    96 | D:1      | Reached XP level 2. HP: 6/21 MP: 2/2
   285 | D:1      | Reached skill level 3 in Axes
   328 | D:1      | Reached XP level 3. HP: 23/26 MP: 3/3
   469 | D:1      | Found Ijad's Antique Armour Shoppe.
  1208 | D:2      | Reached skill level 4 in Axes
  1209 | D:2      | Reached XP level 4. HP: 13/31 MP: 4/4
  1290 | D:2      | Noticed an eye of devastation
  1292 | D:2      | Found a faded altar of an unknown god.
  1294 | D:2      | Noticed a golden eye
  1294 | D:2      | Noticed an eye of devastation
  1294 | D:2      | Noticed an eye of devastation
  1372 | D:2      | Found a broken altar of Ashenzari.
  1989 | D:3      | Found a runed translucent door.
  1990 | D:3      | Noticed Crazy Yiuf
  2140 | D:3      | Reached skill level 5 in Axes
  2140 | D:3      | Reached XP level 5. HP: 16/36 MP: 5/5
  2597 | D:4      | Found a sand-covered staircase.
  2608 | Ossuary  | Entered an ossuary
  2718 | Ossuary  | Gained mutation: You are resistant to electric shocks.
                  | (rElec) [potion of mutation]
  2718 | Ossuary  | Gained mutation: You are robust. (+10% HP) [potion of
                  | mutation]
  2718 | Ossuary  | Lost mutation: You are robust. (+10% HP) [potion of
                  | mutation]
  2721 | Ossuary  | Reached skill level 6 in Axes
  2721 | Ossuary  | Reached XP level 6. HP: 10/42 MP: 6/6
  2722 | Ossuary  | HP: 2/42 [human zombie (1)]
  2726 | Ossuary  | Slain by an elf zombie

Illustrated notes

Levels and vault maps discovered:
D:1:      minmay_arrival_solitary_statue, layout_loops_corners, serial_shops,
          nicolae_square_shop, minmay_lizard_pond
D:2:      layout_basic, basic_altar, hellmonk_ecumenical_altar_watching_god,
          minmay_unequal
D:3:      layout_loops_ring, uniq_crazy_yiuf_cottage
D:4:      layout_rooms, overflow_temple_1_default, nicolae_ru_awakened_eye,
          nicolae_ossuary_entry_ruins
Ossuary:  ossuary_tomb_1

Skill      XL: |  1  2  3  4  5 |
---------------+----------------+-----
Axes           | 3 4 5 6 |  6.3
Fighting       | |  3.0
Dodging        | |  3.0
Shields        | |  3.0

Action                     |  1- 3 |  4- 6 || total
---------------------------+-------+-------++-------
  Melee: War axe           |    62 |    89 ||   151
         Constrict         |    16 |    29 ||    45
         Tentacles         |     9 |    17 ||    26
         Punch             |       |     1 ||     1
    Use: Potion            |       |     4 ||     4
   Stab: Sleeping          |     6 |     5 ||    11
         Distracted        |     1 |       ||     1
 Armour: Skin              |    29 |    32 ||    61
  Dodge: Dodged            |    33 |    48 ||    81
  Block: Buckler           |     8 |    28 ||    36

Table legend: (Time is in decaauts)
 A = Elapsed time spent in this place.
 B = Non-inter-level travel time spent in this place.
 C = Inter-level travel time spent in this place.
 D = Time resting spent in this place.
 E = Time spent auto-exploring this place.
 F = Levels seen in this place.
 G = Mean time per level.
                   A        B        C        D        E       F      G
               +--------+--------+--------+--------+--------+-----+--------+
         Total |   2773 |   2708 |     65 |    160 |   2041 |   5 |  554.6 |
       Dungeon |   2645 |   2580 |     65 |    160 |   2037 |   4 |  661.2 |
       Ossuary |    128 |    128 |      0 |      0 |      4 |   1 |  128.0 |
               +--------+--------+--------+--------+--------+-----+--------+

Top non-repeatable levels by time:
     D:1: 1056 daAuts
     D:2: 821 daAuts
     D:3: 751 daAuts
 Ossuary: 128 daAuts
     D:4: 17 daAuts
